 Dungeon Crawl Stone Soup version 0.30-a0-381-g6ea064c7b4 (webtiles) character file.

Game seed: 1779919182476897258

10 LnG the Caller (level 2, -1/15 HPs)
             Began as a Kobold Summoner on Dec 1, 2022.
             Slain by a ball python (3 damage)
             ... on level 1 of the Dungeon.
             The game lasted 00:02:39 (228 turns).

LnG the Caller (Kobold Summoner)                     Turns: 228, Time: 00:02:39

Health: -1/15      AC:  2    Str:  5    XL:     2   Next: 30%
Magic:  3/5        EV: 15    Int: 16    God:
Gold:   2          SH:  0    Dex: 15    Spells: 2/5 levels left

rFire   . . .      SeeInvis .    d - +0 dagger
rCold   . . .      Faith    .    (no shield)
rNeg    . . .      Spirit   .    a - +0 robe
rPois   .          Reflect  .    (no helmet)
rElec   .          Harm     .    (no cloak)
rCorr   .          Rampage  .    (no gloves)
Will    .....                    (no boots)
Stlth   +++.......               (no amulet)
HPRegen 0.22/turn                (no ring)
MPRegen 0.09/turn                (no ring)

@: no status effects
A: small, no large weapons, nightstalker 3
a: no special abilities


You were on level 1 of the Dungeon.
You visited 1 branch of the dungeon, and saw 1 of its levels.

You collected 2 gold pieces.

Inventory:

Hand Weapons
 d - a +0 dagger (weapon)
Armour
 a - a +0 robe (worn)
Jewellery
 c - a ring of ice
Potions
 b - a potion of magic


   Skills:
 + Level 0.1 Fighting
 * Level 2.4 Dodging
 * Level 3.2 Stealth
 + Level 2.3 Spellcasting
 + Level 4.2 Summonings


You had 2 spell levels left.
You knew the following spells:

 Your Spells              Type           Power      Damage    Failure   Level
a - Summon Small Mammal   Summ           60%        N/A       3%          1
b - Call Imp              Summ           15%        N/A       5%          2

Your spell library contained the following spells:

 Spells                   Type           Power      Damage    Failure   Level
 Call Canine Familiar     Summ           15%        N/A       11%         3
 Summon Guardian Golem    Hex/Summ       8%         N/A       26%         3
 Summon Lightning Spire   Summ/Air       8%         N/A       63%         4


Dungeon Overview and Level Annotations

Branches:
Dungeon (1/15)

Altars:


Innate Abilities, Weirdness & Mutations

You are small and have problems with some larger weapons.
You are completely attuned to the shadows.


Message History

You finish memorising.
Spell assigned to 'b'.
Things that are here:
a rat corpse; a jackal corpse A dart slug comes into view.
A goblin comes into view. It is wielding a +0 dagger.
The goblin shouts!
An endoplasm comes into view.
A bat comes into view.
The dart slug launches a dart at you. The slug dart misses you.
A ball python comes into view.
You hit the dart slug but do no damage. You hit the dart slug but do no damage.
The bat barely misses you. The dart slug launches a dart at you.
The slug dart misses you. The goblin hits you with a +0 dagger.
You hit the dart slug but do no damage. The bat closely misses you.
The bat hits you but does no damage. The goblin hits you with a +0 dagger.
The dart slug bites you.
You hit the dart slug.
The dart slug is lightly wounded.
The bat misses you. The endoplasm freezes you.
You are frozen.
The goblin hits you with a +0 dagger.
* * * LOW HITPOINT WARNING * * *
The dart slug launches a dart at you. The slug dart misses you.
The endoplasm hits you.
* * * LOW HITPOINT WARNING * * *
The goblin closely misses you. The ball python closely misses you. x2
The bat attacks as you move away! The bat closely misses you.
The bat misses you. The bat hits you.
* * * LOW HITPOINT WARNING * * *
The goblin attacks as you move away! The goblin hits you with a +0 dagger.
* * * LOW HITPOINT WARNING * * *
The bat completely misses you.
Casting: Summon Small Mammal (safe; 3% risk of failure)
Confirm with . or Enter, or press ? or * to list all spells.
A beastly little devil appears in a puff of flame.
The ball python bites you.
You die...

.......##
#.#
..........
#.#
...........
#.# ###
...........
#.# ..#
#.......#..
#.# ..#
#...wb..#
#.# ..#
#...Jg..#
#.# .##
####S####
#.# ## #@#
#.# #.# #.#
#5#
########.#
#.#
#....†...#
#.#
#.########
#.# #.# #.#
#.# #.# #.#
#.### #.#


You could see a dart slug, an endoplasm, a goblin, a bat, a ball python (ally
target) and a friendly crimson imp (summoned).

Vanquished Creatures
  A ball python (D:1)
  3 jackals (D:1)
  A kobold (D:1)
  A quokka (D:1)
  A frilled lizard (D:1)
  A rat (D:1)
8 creatures vanquished.

Vanquished Creatures (collateral kills)
  A bat (D:1)
1 creature vanquished.

Grand Total: 9 creatures vanquished

Notes
Turn   | Place    | Note
-------+----------+-------------------------------------------
     0 | D:1      | LnG the Kobold Summoner began the quest for the Orb.
     0 | D:1      | Reached XP level 1. HP: 10/10 MP: 3/3
   169 | D:1      | Reached XP level 2. HP: 15/15 MP: 5/5
   178 | D:1      | Learned a level 2 spell: Call Imp
   228 | D:1      | Slain by a ball python

Illustrated notes

Levels and vault maps discovered:
D:1:      giann_wishing_wells, layout_loops_ring, serial_shops, shop

Skill      XL: |  1  2 |
---------------+-------+-----
Stealth        | 3 |  3.2
Fighting       | |  0.1
Dodging        | |  2.4
Spellcasting   | |  2.3
Summonings     | |  4.2

Action                   || total
-------------------------++-------
Melee: Dagger            ||    22
       Unarmed           ||     5
 Cast: Summon Small Mamm ||     2
       Call Imp          ||     1
 Stab: Sleeping          ||     5
Armor: Robe              ||     4
Dodge: Dodged            ||    31

Table legend: (Time is in decaauts)
 A = Elapsed time spent in this place.
 B = Non-inter-level travel time spent in this place.
 C = Inter-level travel time spent in this place.
 D = Time resting spent in this place.
 E = Time spent auto-exploring this place.
 F = Levels seen in this place.
 G = Mean time per level.
                   A        B        C        D        E       F      G
               +--------+--------+--------+--------+--------+-----+--------+
         Total |    227 |    227 |      0 |      0 |    157 |   1 |  227.0 |
       Dungeon |    227 |    227 |      0 |      0 |    157 |   1 |  227.0 |
               +--------+--------+--------+--------+--------+-----+--------+

Top non-repeatable levels by time:
     D:1: 227 daAuts
